 Dungeon Crawl Stone Soup version 0.28.0-53-g5a82cb258f (webtiles) character file.

Game seed: 6196446987708731279

146 Gabide the Skirmisher (level 5, 0/47 HPs)
             Began as a Draconian Monk on June 14, 2022.
             Was an Initiate of Gozag.
             Splashed by a jelly's acid (8 damage)
             ... on level 3 of the Dungeon.
             The game lasted 00:04:02 (3881 turns).

Gabide the Skirmisher (Draconian Monk)              Turns: 3881, Time: 00:04:03

Health: 0/47       AC: -3    Str: 14    XL:     5   Next: 7%
Magic:  5/5        EV: 13    Int: 10    God:    Gozag
Gold:   383        SH:  0    Dex: 15    Spells: 4/4 levels left

rFire   . . .      SeeInvis .     - Unarmed
rCold   . . .      Faith    .   (no shield)
rNeg    . . .      Spirit   .   (armour unavailable)
rPois   .          Reflect  .   (helmet restricted)
rElec   .          Harm     .   (no cloak)
rCorr   .          Rampage  .   (no gloves)
Will    .....                   (no boots)
Stlth   ++........              (no amulet)
HPRegen 0.15/turn               (no ring)
MPRegen 0.09/turn               (no ring)

@: corroded
A: AC +5, unfitting armour, cold-blooded
a: Renounce Religion, Potion Petition, Call Merchant, Bribe Branch


You were on level 3 of the Dungeon.
You worshipped Gozag.
Gozag was aware of your devotion.
You visited 1 branch of the dungeon, and saw 3 of its levels.

You collected 497 gold pieces.
You spent 114 gold pieces at shops.

Inventory:

Missiles
 h - 6 boomerangs (quivered)
Scrolls
 b - 3 scrolls of noise
 e - a scroll of fear {unknown}
 i - a scroll of enchant weapon {unknown}
Potions
 a - a potion of cancellation
 c - a potion of ambrosia
 d - a potion of might {unknown}
 f - a potion of heal wounds {unknown}
 g - 2 potions of mutation {unknown}


   Skills:
 + Level 4.5 Fighting
 + Level 3.7 Dodging
 - Level 1.7 Stealth
 + Level 4.1 Unarmed Combat


You had 4 spell levels left.
You didn't know any spells.
Your spell library contained the following spells:

 Spells                   Type           Power      Damage    Failure   Level
 Corpse Rot               Necr/Air       0%         N/A       50%         2
 Poisonous Vapours        Pois/Air       0%         N/A       50%         2


Dungeon Overview and Level Annotations

Branches:
Dungeon (3/15)

Altars:
Gozag

Shops:
D:1 (?*(

Annotations:
D:2 Sigmund


Innate Abilities, Weirdness & Mutations

Your plain brown scales are hard. (AC +5)
You cannot fit into any form of body armour.
You are cold-blooded and may be slowed by cold attacks.


Message History

You hit the jelly but do no damage.
Your hands burn!
You tail-slap the jelly.
The jelly is lightly wounded.
The jelly completely misses you.
You barely miss the jelly. You tail-slap the jelly.
The jelly is lightly wounded.
The jelly is distracted by your dazzling golden aura.
The jelly quivers.
You hit the jelly.
The jelly is no longer distracted by gold.
The acid corrodes you!
Your hands burn!
The jelly is moderately wounded.
The jelly misses you.
You hit the jelly but do no damage.
Your hands burn!
You tail-slap the jelly, but do no damage.
The jelly is moderately wounded.
You feel yourself speed up. The jelly hits you.
You are splashed with acid!
You are too injured to fight recklessly!
You are too injured to fight recklessly!
You are too injured to fight recklessly!
You are too injured to fight recklessly!
You are too injured to fight recklessly!
You are too injured to fight recklessly!
You are too injured to fight recklessly!
You are too injured to fight recklessly!
You are too injured to fight recklessly!
You are too injured to fight recklessly!
You are too injured to fight recklessly!
You are too injured to fight recklessly!
You are too injured to fight recklessly!
You are too injured to fight recklessly!
You are too injured to fight recklessly!
You hit the jelly. The acid corrodes you!
Your hands burn!
* * * LOW HITPOINT WARNING * * *
The jelly is heavily wounded.
The jelly hits you.
* * * LOW HITPOINT WARNING * * *
You are splashed with acid!
You die...
Your body crumbles into a pile of gold.

#.# ############.# #.#.## #.#
#$.J......##.# #.#.#
#.###########÷÷.P÷÷J..##.###.#.#
#.##.......##.P.÷÷.J..##..##...#
#.##...######....JP.P.###.##..##
#.####.### #.J.P.P...##.))..##
#.##.....# #..÷......###...#####
#.##.....# ########'####.#......
#.##.....# ##..@J).## #....####.
#.##.....# #.######## #..<.# ##
.........#####..'....# #....# #
...........######....###....# #
............##.......##.....#
.........#####.......##.....#
....###### #.......###.####
##############.......##..#
............###.....###.##


You could see a jelly.

Vanquished Creatures
  2 jellies (D:3)
  A gnoll (D:1)
  An adder (D:2)
  2 dart slugs (D:2)
  10 endoplasms
  3 giant cockroaches
  6 goblins
  7 hobgoblins
  4 ball pythons
  6 bats
  5 frilled lizards
  10 kobolds
  5 rats (D:3)
62 creatures vanquished.

Vanquished Creatures (others)
  A fungus (D:3)
  A plant (D:1)
  8 toadstools (D:3)
10 creatures vanquished.

Grand Total: 72 creatures vanquished

Notes
Turn   | Place    | Note
-------+----------+-------------------------------------------
     0 | D:1      | Gabide the Draconian Monk began the quest for the Orb.
     0 | D:1      | Reached XP level 1. HP: 19/19 MP: 1/1
    53 | D:1      | Found a faded altar of an unknown god.
   103 | D:1      | Prayed at the altar of an unknown god.
   103 | D:1      | Became a worshipper of Gozag Ym Sagoz the Greedy
   505 | D:1      | Found Netetzef's Weapon Shop.
   573 | D:1      | Found Wotal's Magic Scroll Emporium.
   611 | D:1      | Bought a scroll of identify for 28 gold pieces
   611 | D:1      | Bought a scroll of noise for 14 gold pieces
   628 | D:1      | Found Conor's Assorted Antiques.
   633 | D:1      | Bought a golden potion for 22 gold pieces
   633 | D:1      | Bought a fizzy coppery potion for 22 gold pieces
   643 | D:1      | Bought a scroll of identify for 28 gold pieces
   657 | D:1      | Reached XP level 2. HP: 6/26 MP: 2/2
  1044 | D:1      | Found Ziefara's Weapon Shop.
  1702 | D:2      | Reached XP level 3. HP: 30/33 MP: 3/3
  1777 | D:2      | Noticed Sigmund
  2459 | D:3      | Reached XP level 4. HP: 31/40 MP: 4/4
  3874 | D:3      | Reached XP level 5. HP: 38/47 MP: 5/5
  3881 | D:3      | Splashed by a jelly's acid

Illustrated notes

Levels and vault maps discovered:
D:1:      dpeg_arrival_solitude, layout_basic, chequers_ecumenical_altar_island,
          serial_shops, shop, nicolae_shop_overgrown_old_shop, shop_coins,
          nicolae_shop_hallway_plus
D:2:      layout_loops_cross, serial_park_tiny_2, uniq_sigmund, uniq_terence
D:3:      cheibrodos_fertilizer, layout_rooms

Skill      XL: |  1  2  3  4 |
---------------+-------------+-----
Dodging        | 3 |  3.7
Fighting       | 4 |  4.5
Unarmed Combat | 4 |  4.1
Stealth        | |  1.7

Action                   |  1- 3 |  4- 6 || total
-------------------------+-------+-------++-------
Melee: Unarmed           |   143 |    66 ||   209
       Tailslap          |    17 |    16 ||    33
       Punch             |     6 |     5 ||    11
  Use: Scroll            |     2 |       ||     2
 Stab: Sleeping          |     4 |     1 ||     5
       Distracted        |     1 |       ||     1
Armor: Skin              |    32 |    12 ||    44
Dodge: Dodged            |    90 |    26 ||   116
